 Dungeon Crawl Stone Soup version 0.29.0-15-g675c0067aa (webtiles) character file.

Game seed: 2335798291161068803

19107 qw the Warrior (level 12, -1/108 (119) HPs)
             Began as a Minotaur Berserker on Sept 12, 2022.
             Was a Priest of Trog.
             Slain by a tengu warrior
             ... wielding a +3 war axe
             ... summoned by an orange crystal statue
              (5 damage)
             ... in a Gauntlet.
             The game lasted 00:04:31 (13714 turns).

qw the Warrior (Minotaur Berserker)                Turns: 13714, Time: 00:04:31

HP:   -1/108 (119)  AC: 25    Str: 28    XL:     12   Next: 33%
MP:   0/11          EV:  9    Int: -8 (4) God:    Trog [***...]
Gold: 517           SH:  0    Dex:  9    Spells: 11/11 levels left

rFire   . . .      SeeInvis +   Y - +3 hand axe (venom)
rCold   + . .      Faith    .   (no shield)
rNeg    . . .      Spirit   .   g - +3 plate armour
rPois   .          Reflect  .   n - +2 hat
rElec   .          Harm     .   t - +0 cloak
rCorr   .          Rampage  .   c - +0 pair of gloves
Will    .....      NoTele   +   o - +0 pair of boots
Stlth   ..........              f - amulet of the acrobat
HPRegen 0.28/turn               v - ring of see invisible
MPRegen 0.12/turn               p - ring of protection from cold

@: on berserk cooldown, slowed, lost intelligence, drained, unable to read, very
slow
A: horns 2, retaliatory headbutt
a: Renounce Religion, Berserk, Trog's Hand


You were in a Gauntlet.
You worshipped Trog.
Trog was most pleased with you.
You visited 2 branches of the dungeon, and saw 12 of its levels.
You also visited: Gauntlet.

You collected 611 gold pieces.
You spent 94 gold pieces at shops.


Innate Abilities, Weirdness & Mutations

You have a pair of horns on your head.
You reflexively headbutt those who attack you in melee.


   Skills:
 - Level 15.0 Fighting
 - Level 14.2 Axes
 - Level 1.4 Throwing
 + Level 13.1 Armour
 - Level 5.0 Dodging


You had 11 spell levels left.
You didn't know any spells.
Your spell library was empty.

Inventory:

Hand Weapons
 l - a +3 flail
 Y - a +3 hand axe of venom (weapon)
Armour
 c - a +0 pair of gloves (worn)
 g - a +3 plate armour (worn)
 n - a +2 hat (worn)
 o - a +0 pair of boots (worn)
 t - a +0 cloak (worn)
Jewellery
 d - an amulet of guardian spirit
 f - an amulet of the acrobat (around neck)
 p - a ring of protection from cold (right hand)
 r - a ring of protection from fire
 s - a ring of resist corrosion
 v - a ring of see invisible (left hand)
Scrolls
 h - a scroll of identify
Potions
 b - a potion of mutation
 e - 2 potions of haste
 i - a potion of attraction {unknown}
 j - a potion of resistance
 m - a potion of cancellation {unknown}
 u - a potion of might
 w - 3 potions of curing
 x - a potion of ambrosia {unknown}

Dungeon Overview and Level Annotations

Branches:
Dungeon (9/15)             Temple (0/1) D:4            Lair (3/5) D:9
  Snake (0/4) Lair:2      Gauntlet (1/1)
  Swamp: Lair:2-3    Shoals: Lair:2-3       Orc: D:9-12

Altars:
Gozag
Hepliaklqana
Makhleb
Sif Muna
Uskayaw
The Shining One

Shops:
D:6 [

Annotations:
D:6 3 runed translucent doors, qw's ghost, novice GrFi
D:9 3 runed translucent doors, qw's ghost, novice MiBe
Lair:2 2 transporters, qw's ghost, journeyman TrCA Gauntlet 11 transporters


Message History

The cane toad zombie dissolves into shadows!
The orange crystal statue fixes its piercing gaze on you.
You feel your power leaking away. The ufetubus misses you.
The ufetubus completely misses you.
There is a transporter landing site, spattered with blood here.
You barely miss the ufetubus.
The ufetubus hits you but does no damage.
The ufetubus barely misses you.
You closely miss the ufetubus. Your headbutt misses the ufetubus.
The orange crystal statue glitters.
You are confused.
You slash the tengu warrior!
The tengu warrior looks as sick as possible!
The tengu warrior is lightly wounded.
You are no longer berserk.
You are exhausted.
You feel yourself slow down.
13711 ||| DRINKING 4 potions of curing.
You feel better.
13711 ||| (to cure confusion)
The tengu warrior hits you with a +3 war axe.
The tengu warrior pecks you but does no damage.
The tengu warrior claws you. The tengu warrior blocks your attack.
The tengu warrior is moderately wounded.
The tengu warrior hits you with a +3 war axe.
The tengu warrior pecks you but does no damage.
The tengu warrior claws you but does no damage.
The orange crystal statue fixes its piercing gaze on you.
You feel your power leaking away. The tengu warrior blocks your attack.
Your headbutt misses the tengu warrior. You punch the tengu warrior.
The tengu warrior is moderately wounded.
The tengu warrior hits you with a +3 war axe.
The tengu warrior completely misses you.
The tengu warrior barely misses you.
The orange crystal statue fixes its piercing gaze on you.
The tengu warrior blocks your attack. x2
The tengu warrior is moderately wounded.
The tengu warrior hits you with a +3 war axe.
You die...

#¤...###########..........
##.....................8..
##.8.....8.....8.........
#~...............########
##...#########...#...####
#¤...#.......#...###.##..
##...#.#.###?#######.^..#
#~...#...###.#...#...##.#
##¤8^#..@###^#^8^##^.##..
#¤¤¤.#.##QZZ[#...###...##
##.¤.#.##58.?#####..##^.#
#~.¤.#.......#...###.##..
##...#########...##^....#
#~...............########
##.8.....8.....8.........
#~....................8..
##~#~#¤#~#~#~#~#¤¤¤......


You could see an orange crystal statue, a tengu warrior (summoned, very
poisoned), an ufetubus (summoned), a wolf spider zombie (summoned) and an
entropy weaver zombie (summoned).

Vanquished Creatures
  A hydra (Lair:1)
  Erica (Lair:2)
  6 death yaks (Lair:1)
  5 black mambas (Lair:2)
  A torpor snail (Lair:1)
  5 cane toads
  2 kobold demonologists (D:8)
  3 komodo dragons
  3 wyverns
  18 yaks
  Sigmund (D:6)
  4 steam dragons (D:8)
  Edmund (D:6)
  6 water moccasins
  A hornet zombie (D:6)
  2 sky beasts (D:8)
  2 ogres
  6 wolves (Lair:1)
  A centaur (D:5)
  8 bullfrogs
  2 kobold brigands
  A gnoll sergeant (D:6)
  2 scorpions (D:4)
  3 water moccasin zombies (D:6)
  14 wights
  17 killer bees
  3 howler monkeys
  A jelly (D:7)
  8 hounds
  3 orc priests
  A bullfrog skeleton (D:6)
  2 gnoll boudas
  Jessica (D:2)
  5 iguanas
  Terence (D:3)
  7 hell rats (Lair:3)
  4 orc wizards
  Natasha (D:2)
  A killer bee zombie (D:6)
  13 gnolls
  15 adders
  A shadow imp (D:8)
  A white imp (D:6)
  2 dart slugs
  20 orcs
  A bat (D:3)
  7 endoplasms
  4 giant cockroaches
  5 hobgoblins
  8 jackals
  4 quokkas
  2 ball pythons
  A frilled lizard (D:2)
  19 kobolds
  8 rats
265 creatures vanquished.

Vanquished Creatures (collateral kills)
  2 komodo dragons (Lair:1)
  A bullfrog (Lair:1)
3 creatures vanquished.

Vanquished Creatures (others)
  20 demonic plants (Gauntlet)
  3 fungi
  25 plants
  2 withered plants (D:6)
50 creatures vanquished.

Grand Total: 318 creatures vanquished

Notes
Turn   | Place    | Note
-------+----------+-------------------------------------------
     0 | D:1      | qw the Minotaur Berserker began the quest for the Orb.
     0 | D:1      | Reached XP level 1. HP: 19/19 MP: 0/0
     0 | D:1      | 0 ||| qw: Version: 0.1-a-119-g272c26d
     0 | D:1      | 0 ||| qw: Game counter: 11049
     0 | D:1      | 0 ||| qw: Always use a shield: true
     0 | D:1      | 0 ||| qw: Do Orc after D:15 true
     0 | D:1      | 0 ||| qw: Do second Lair branch before Depths: true
     0 | D:1      | 0 ||| qw: Lair rune preference: random
     0 | D:1      | 0 ||| qw: Plans: Normal
     0 | D:1      | 0 ||| PLANNING D:1-11
    28 | D:1      | 28 ||| Stepping ~*~*~tactically~*~*~ (stealth).
    39 | D:1      | Reached XP level 2. HP: 18/26 MP: 1/1
   332 | D:1      | Found a faded altar of an unknown god.
   333 | D:1      | 333 ||| Stepping ~*~*~tactically~*~*~ (stealth).
   587 | D:1      | You fall into a shaft and drop 1 floor!
   802 | D:2      | Noticed Natasha
   804 | D:2      | 804 ||| INVOKING Berserk.
   805 | D:2      | Killed Natasha
   806 | D:2      | Reached XP level 3. HP: 29/31 MP: 2/2
   994 | D:2      | Reached ** piety under Trog
  1002 | D:2      | 1002 ||| Stepping ~*~*~tactically~*~*~ (stealth).
  1003 | D:2      | 1003 ||| Stepping ~*~*~tactically~*~*~ (stealth).
  1009 | D:2      | 1009 ||| UPGRADING to +2 leather armour of cold resistance.
  1019 | D:2      | 1019 ||| DROPPING +0 animal skin.
  1020 | D:2      | 1020 ||| UPGRADING to +0 plate armour.
  1030 | D:2      | 1030 ||| DROPPING +2 leather armour of cold resistance.
  1031 | D:2      | 1031 ||| UPGRADING to amulet of the acrobat.
  1036 | D:2      | 1036 ||| DROPPING ring of magical power.
  1037 | D:2      | 1037 ||| READING scroll labelled SITOH YPYZXOPT.
  1038 | D:2      | 1038 ||| READING scroll labelled JIRUNA FASISU.
  1039 | D:2      | 1039 ||| READING 4 scrolls labelled KYALUL OMASM.
  1040 | D:2      | 1040 ||| READING 3 scrolls of identify.
  1040 | D:2      | 1040 ||| IDENTIFYING green potion
  1041 | D:2      | 1041 ||| READING 2 scrolls of identify.
  1041 | D:2      | 1041 ||| IDENTIFYING purple potion
  1046 | D:2      | 1046 ||| DROPPING potion of flight.
  1158 | D:2      | 1158 ||| STAIRDANCE
  1169 | D:2      | 1169 ||| INVOKING Berserk.
  1173 | D:2      | Reached skill level 6 in Axes
  1173 | D:2      | Reached XP level 4. HP: 39/39 MP: 3/3
  1293 | D:2      | Noticed Jessica
  1300 | D:2      | 1300 ||| Stepping ~*~*~tactically~*~*~ (hiding).
  1306 | D:2      | Killed Jessica
  1308 | D:2      | 1308 ||| Stepping ~*~*~tactically~*~*~ (stealth).
  1309 | D:2      | 1309 ||| Stepping ~*~*~tactically~*~*~ (stealth).
  1657 | D:2      | 1657 ||| UPGRADING to +0 pair of gloves.
  1662 | D:2      | 1662 ||| READING scroll labelled BIKHUT LU QUMIRCH.
  1663 | D:2      | 1663 ||| READING 3 scrolls of identify.
  1663 | D:2      | 1663 ||| IDENTIFYING sedimented pink potion
  1664 | D:2      | 1664 ||| READING 2 scrolls of identify.
  1664 | D:2      | 1664 ||| IDENTIFYING lumpy ruby potion
  1857 | D:3      | 1857 ||| INVOKING Berserk.
  1860 | D:3      | Reached XP level 5. HP: 45/45 MP: 4/4
  1861 | D:3      | Noticed Terence
  1870 | D:3      | Killed Terence
  1871 | D:3      | Reached skill level 3 in Armour
  2032 | D:3      | Found a shimmering blue altar of Sif Muna.
  2045 | D:3      | 2045 ||| Stepping ~*~*~tactically~*~*~ (stealth).
  2046 | D:3      | 2046 ||| Stepping ~*~*~tactically~*~*~ (stealth).
  2053 | D:3      | Reached skill level 4 in Fighting
  2062 | D:3      | 2062 ||| Stepping ~*~*~tactically~*~*~ (hiding).
  2542 | D:4      | 2542 ||| Stepping ~*~*~tactically~*~*~ (stealth).
  2544 | D:4      | 2544 ||| Stepping ~*~*~tactically~*~*~ (stealth).
  2564 | D:4      | 2564 ||| Stepping ~*~*~tactically~*~*~ (stealth).
  2655 | D:4      | Found a staircase to the Ecumenical Temple.
  2810 | D:4      | 2810 ||| Stepping ~*~*~tactically~*~*~ (stealth).
  2826 | D:4      | Reached XP level 6. HP: 52/52 MP: 5/5
  2985 | D:4      | Found a hide-covered altar of Uskayaw.
  3004 | D:4      | Found an opulent altar of Gozag.
  3099 | D:4      | 3099 ||| READING scroll labelled ZOROUTILUI.
  3100 | D:4      | 3100 ||| READING scroll labelled HOQEJUSUUR.
  3101 | D:4      | 3101 ||| READING scroll labelled DYORYSKUESH.
  3102 | D:4      | 3102 ||| DRINKING 2 amethyst potions.
  3103 | D:4      | 3103 ||| READING 3 scrolls of identify.
  3103 | D:4      | 3103 ||| IDENTIFYING sapphire potion
  3104 | D:4      | 3104 ||| READING 2 scrolls of identify.
  3104 | D:4      | 3104 ||| IDENTIFYING coppery potion
  3105 | D:4      | 3105 ||| DROPPING potion of lignification.
  3106 | D:4      | 3106 ||| DROPPING potion of invisibility.
  3126 | D:5      | Entered Level 5 of the Dungeon
  3138 | D:5      | Reached skill level 9 in Axes
  3319 | D:5      | Reached XP level 7. HP: 54/59 MP: 6/6
  3349 | D:5      | 3349 ||| Stepping ~*~*~tactically~*~*~ (stealth).
  3353 | D:5      | Reached *** piety under Trog
  3358 | D:5      | 3358 ||| Stepping ~*~*~tactically~*~*~ (stealth).
  3360 | D:5      | 3360 ||| Stepping ~*~*~tactically~*~*~ (hiding).
  3362 | D:5      | 3362 ||| Stepping ~*~*~tactically~*~*~ (hiding).
  3364 | D:5      | 3364 ||| Stepping ~*~*~tactically~*~*~ (hiding).
  3365 | D:5      | 3365 ||| Stepping ~*~*~tactically~*~*~ (hiding).
  3369 | D:5      | 3369 ||| FLEEEEING.
  3370 | D:5      | 3370 ||| FLEEEEING.
  3373 | D:5      | 3373 ||| INVOKING Berserk.
  3500 | D:5      | 3500 ||| FLEEEEING.
  3501 | D:5      | 3501 ||| FLEEEEING.
  3502 | D:5      | 3502 ||| FLEEEEING.
  3506 | D:5      | 3506 ||| FLEEEEING.
  3507 | D:5      | 3507 ||| FLEEEEING.
  3508 | D:5      | 3508 ||| FLEEEEING.
  3509 | D:5      | 3509 ||| FLEEEEING.
  3510 | D:5      | 3510 ||| FLEEEEING.
  3511 | D:5      | 3511 ||| FLEEEEING.
  3512 | D:5      | 3512 ||| FLEEEEING.
  3513 | D:5      | 3513 ||| FLEEEEING.
  3514 | D:5      | 3514 ||| FLEEEEING.
  3515 | D:5      | 3515 ||| FLEEEEING.
  3518 | D:5      | 3518 ||| FLEEEEING.
  3519 | D:5      | 3519 ||| FLEEEEING.
  3520 | D:5      | 3520 ||| FLEEEEING.
  3521 | D:5      | 3521 ||| FLEEEEING.
  3522 | D:5      | 3522 ||| FLEEEEING.
  3523 | D:5      | 3523 ||| FLEEEEING.
  3524 | D:5      | 3524 ||| FLEEEEING.
  3525 | D:5      | 3525 ||| FLEEEEING.
  3526 | D:5      | 3526 ||| FLEEEEING.
  3527 | D:5      | 3527 ||| FLEEEEING.
  3530 | D:5      | 3530 ||| FLEEEEING.
  3531 | D:5      | 3531 ||| FLEEEEING.
  3532 | D:5      | 3532 ||| FLEEEEING.
  3533 | D:5      | 3533 ||| FLEEEEING.
  3546 | D:5      | 3546 ||| FLEEEEING.
  3547 | D:5      | 3547 ||| FLEEEEING.
  3548 | D:5      | 3548 ||| FLEEEEING.
  3549 | D:5      | 3549 ||| FLEEEEING.
  3550 | D:5      | 3550 ||| FLEEEEING.
  3551 | D:5      | 3551 ||| FLEEEEING.
  3552 | D:5      | 3552 ||| FLEEEEING.
  3553 | D:5      | 3553 ||| FLEEEEING.
  3554 | D:5      | 3554 ||| FLEEEEING.
  3555 | D:5      | HP: 15/60 [poisoned by an orc]
  3561 | D:5      | 3561 ||| STAIRDANCE
  4136 | D:5      | 4136 ||| SWAPPING to +2 hand axe of venom.
  4137 | D:5      | 4137 ||| DROPPING +0 hand axe of venom.
  4148 | D:5      | Reached skill level 5 in Fighting
  4169 | D:5      | 4169 ||| Stepping ~*~*~tactically~*~*~ (stealth).
  4260 | D:5      | 4260 ||| DROPPING +0 whip.
  4497 | D:5      | 4497 ||| UPGRADING to +2 hat.
  4502 | D:5      | 4502 ||| DROPPING amulet of magic regeneration.
  4503 | D:5      | 4503 ||| UPGRADING to ring of protection from fire.
  4504 | D:5      | 4504 ||| DRINKING 2 fuming red potions.
  4590 | D:6      | Noticed Sigmund
  4591 | D:6      | 4591 ||| Stepping ~*~*~tactically~*~*~ (hiding).
  4592 | D:6      | 4592 ||| Stepping ~*~*~tactically~*~*~ (hiding).
  4594 | D:6      | 4594 ||| INVOKING Berserk.
  4601 | D:6      | 4601 ||| DRINKING potion of curing.
  4601 | D:6      | 4601 ||| (to cure confusion)
  4603 | D:6      | Killed Sigmund
  4731 | D:6      | 4731 ||| Stepping ~*~*~tactically~*~*~ (hiding).
  4741 | D:6      | Reached skill level 1 in Throwing
  4741 | D:6      | Reached XP level 8. HP: 53/68 MP: 7/7
  4743 | D:6      | 4743 ||| Stepping ~*~*~tactically~*~*~ (hiding).
  4751 | D:6      | 4751 ||| Stepping ~*~*~tactically~*~*~ (hiding).
  4759 | D:6      | 4759 ||| INVOKING Berserk.
  4949 | D:6      | Found a runed translucent gate.
  4949 | D:6      | Noticed a cyclops
  4950 | D:6      | Found a runed translucent gate.
  4950 | D:6      | Noticed qw's ghost (novice GrFi)
  4952 | D:6      | Found a runed translucent gate.
  5017 | D:6      | 5017 ||| INVOKING Berserk.
  5020 | D:6      | Reached skill level 6 in Fighting
  5175 | D:6      | Noticed Edmund
  5178 | D:6      | 5178 ||| INVOKING Berserk.
  5181 | D:6      | Killed Edmund
  5199 | D:6      | 5199 ||| Stepping ~*~*~tactically~*~*~ (stealth).
  5326 | D:6      | 5326 ||| Stepping ~*~*~tactically~*~*~ (hiding).
  5327 | D:6      | 5327 ||| Stepping ~*~*~tactically~*~*~ (hiding).
  5398 | D:6      | 5398 ||| Stepping ~*~*~tactically~*~*~ (stealth).
  5401 | D:6      | 5401 ||| Stepping ~*~*~tactically~*~*~ (stealth).
  5647 | D:6      | Found Tedakaar's Antique Armour Shop.
  5651 | D:6      | 5651 ||| BUYING cloak (94 gold).
  5651 | D:6      | Bought a cloak for 94 gold pieces
  5782 | D:6      | Reached skill level 12 in Axes
  6303 | D:6      | 6303 ||| UPGRADING to +0 cloak.
  6308 | D:6      | 6308 ||| UPGRADING to ring of protection from cold.
  6309 | D:6      | 6309 ||| DRINKING 2 fizzy yellow potions.
  6310 | D:6      | 6310 ||| DROPPING potion of brilliance.
  6355 | D:7      | 6355 ||| INVOKING Berserk.
  6470 | D:7      | Reached XP level 9. HP: 72/78 MP: 8/8
  6647 | D:7      | Reached skill level 7 in Fighting
  6647 | D:7      | 6647 ||| INVOKING Berserk.
  6654 | D:7      | Reached skill level 6 in Armour
  6660 | D:7      | HP: 27/118 [orc/boomerang (3)]
  6662 | D:7      | 6662 ||| DRINKING 2 potions of heal wounds.
  6664 | D:7      | Reached **** piety under Trog
  6665 | D:7      | 6665 ||| Stepping ~*~*~tactically~*~*~ (stealth).
  6898 | D:7      | Found a hazy altar of Hepliaklqana.
  7347 | D:7      | 7347 ||| INVOKING Berserk.
  7529 | D:7      | Found a burning altar of Makhleb.
  7900 | D:7      | Found a glowing golden altar of the Shining One.
  7906 | D:7      | 7906 ||| UPGRADING to ring of see invisible.
  7908 | D:7      | 7908 ||| READING scroll labelled YCUFROA CULE.
  7951 | D:8      | 7951 ||| Stepping ~*~*~tactically~*~*~ (stealth).
  7955 | D:8      | 7955 ||| INVOKING Berserk.
  7979 | D:8      | 7979 ||| Stepping ~*~*~tactically~*~*~ (stealth).
  7980 | D:8      | 7980 ||| Stepping ~*~*~tactically~*~*~ (stealth).
  8001 | D:8      | 8001 ||| Stepping ~*~*~tactically~*~*~ (stealth).
  8206 | D:8      | Reached skill level 8 in Fighting
  8270 | D:8      | 8270 ||| INVOKING Berserk.
  8419 | D:8      | Noticed a kobold demonologist
  8419 | D:8      | Noticed a kobold demonologist
  8428 | D:8      | 8428 ||| FLEEEEING.
  8429 | D:8      | 8429 ||| FLEEEEING.
  8430 | D:8      | 8430 ||| FLEEEEING.
  8431 | D:8      | 8431 ||| FLEEEEING.
  8432 | D:8      | 8432 ||| FLEEEEING.
  8437 | D:8      | Noticed an ice devil
  8438 | D:8      | Noticed a smoke demon
  8446 | D:8      | 8446 ||| INVOKING Berserk.
  8459 | D:8      | Killed a kobold demonologist
  8465 | D:8      | Killed a kobold demonologist
  8466 | D:8      | Reached XP level 10. HP: 43/88 MP: 9/9
  8779 | D:8      | 8779 ||| Stepping ~*~*~tactically~*~*~ (hiding).
  8785 | D:8      | 8785 ||| INVOKING Berserk.
  9358 | D:8      | 9358 ||| UPGRADING to +3 plate armour.
  9368 | D:8      | 9368 ||| DROPPING +0 plate armour.
  9436 | D:9      | 9436 ||| Stepping ~*~*~tactically~*~*~ (stealth).
  9456 | D:9      | Reached skill level 9 in Fighting
  9460 | D:9      | 9460 ||| DROPPING +0 flail.
  9499 | D:9      | Found a staircase to the Lair.
  9647 | D:9      | 9647 ||| Stepping ~*~*~tactically~*~*~ (stealth).
  9674 | D:9      | 9674 ||| INVOKING Berserk.
  9923 | D:9      | 9923 ||| Stepping ~*~*~tactically~*~*~ (stealth).
  9930 | D:9      | Reached skill level 3 in Dodging
 10043 | D:9      | 10043 ||| Stepping ~*~*~tactically~*~*~ (hiding).
 10048 | D:9      | 10048 ||| INVOKING Berserk.
 10053 | D:9      | Reached skill level 10 in Fighting
 10065 | D:9      | 10065 ||| Stepping ~*~*~tactically~*~*~ (stealth).
 10115 | D:9      | 10115 ||| Stepping ~*~*~tactically~*~*~ (stealth).
 10116 | D:9      | 10116 ||| Stepping ~*~*~tactically~*~*~ (stealth).
 10118 | D:9      | 10118 ||| Stepping ~*~*~tactically~*~*~ (stealth).
 10120 | D:9      | 10120 ||| Stepping ~*~*~tactically~*~*~ (stealth).
 10121 | D:9      | 10121 ||| Stepping ~*~*~tactically~*~*~ (stealth).
 10262 | D:9      | Reached skill level 9 in Armour
 10298 | D:9      | Found a runed translucent gate.
 10298 | D:9      | Found a runed translucent gate.
 10298 | D:9      | Found a runed translucent gate.
 10301 | D:9      | Noticed an 11-headed hydra
 10304 | D:9      | Noticed qw's ghost (novice MiBe)
 10305 | D:9      | Noticed an 11-headed hydra
 10602 | D:9      | 10602 ||| PLANNING LAIR
 10602 | D:9      | 10602 ||| UPGRADING to +0 pair of boots.
 10607 | D:9      | 10607 ||| READING scroll labelled HUMAODAESI.
 10608 | D:9      | 10608 ||| READING 2 scrolls of identify.
 10608 | D:9      | 10608 ||| IDENTIFYING fuming amethyst potion
 10609 | D:9      | 10609 ||| DROPPING potion of degeneration.
 10657 | Lair:1   | Entered Level 1 of the Lair of Beasts
 10662 | Lair:1   | 10662 ||| Stepping ~*~*~tactically~*~*~ (water).
 10758 | Lair:1   | Noticed a cane toad
 10762 | Lair:1   | 10762 ||| INVOKING Berserk.
 10766 | Lair:1   | Killed a cane toad
 10792 | Lair:1   | Noticed a cane toad
 10805 | Lair:1   | Killed a cane toad
 10807 | Lair:1   | HP: 22/94 [poisoned by a cane toad]
 10808 | Lair:1   | 10808 ||| DRINKING 3 potions of heal wounds.
 10813 | Lair:1   | HP: 23/94 [poisoned by a cane toad]
 10814 | Lair:1   | 10814 ||| DRINKING 2 potions of heal wounds.
 10821 | Lair:1   | Reached skill level 11 in Fighting
 10821 | Lair:1   | Reached XP level 11. HP: 37/102 MP: 10/10
 10832 | Lair:1   | 10832 ||| INVOKING Berserk.
 10931 | Lair:1   | 10931 ||| INVOKING Berserk.
 11008 | Lair:1   | 11008 ||| INVOKING Berserk.
 11178 | Lair:1   | Noticed a four-headed hydra
 11179 | Lair:1   | 11179 ||| INVOKING Brothers in Arms.
 11181 | Lair:1   | 11181 ||| SWAPPING to +3 flail.
 11182 | Lair:1   | 11182 ||| INVOKING Berserk.
 11184 | Lair:1   | Killed a four-headed hydra
 11189 | Lair:1   | Reached skill level 12 in Fighting
 11192 | Lair:1   | 11192 ||| SWAPPING to +2 hand axe of venom.
 11310 | Lair:1   | 11310 ||| Stepping ~*~*~tactically~*~*~ (stealth).
 11311 | Lair:1   | 11311 ||| Stepping ~*~*~tactically~*~*~ (stealth).
 11356 | Lair:1   | 11356 ||| Stepping ~*~*~tactically~*~*~ (stealth).
 11526 | Lair:1   | 11526 ||| INVOKING Berserk.
 11751 | Lair:1   | Noticed a death yak
 11752 | Lair:1   | Noticed a death yak
 11752 | Lair:1   | Noticed a death yak
 11752 | Lair:1   | Noticed a death yak
 11752 | Lair:1   | Noticed a death yak
 11752 | Lair:1   | Noticed a death yak
 11753 | Lair:1   | 11753 ||| Stepping ~*~*~tactically~*~*~ (stealth).
 11755 | Lair:1   | 11755 ||| INVOKING Berserk.
 11760 | Lair:1   | Killed a death yak
 11761 | Lair:1   | Reached skill level 12 in Armour
 11765 | Lair:1   | Killed a death yak
 11770 | Lair:1   | Killed a death yak
 11774 | Lair:1   | Killed a death yak
 11775 | Lair:1   | Reached skill level 13 in Fighting
 11779 | Lair:1   | Killed a death yak
 11786 | Lair:1   | Killed a death yak
 11959 | Lair:1   | 11959 ||| READING scroll labelled FAJUS OSERI.
 11960 | Lair:1   | 11960 ||| READING scroll labelled ZAMPAO RYZUST.
 11961 | Lair:1   | 11961 ||| READING scroll labelled LONUOXUESE.
 11962 | Lair:1   | 11962 ||| READING scroll labelled RIAMIPT ENUHOCS.
 12010 | Lair:2   | 12010 ||| Stepping ~*~*~tactically~*~*~ (stealth).
 12012 | Lair:2   | 12012 ||| INVOKING Berserk.
 12022 | Lair:2   | Reached XP level 12. HP: 115/115 MP: 11/11
 12045 | Lair:2   | Reached skill level 14 in Fighting
 12146 | Lair:2   | Found a staircase to the Snake Pit.
 12241 | Lair:2   | Noticed qw's ghost (journeyman TrCA)
 12243 | Lair:2   | Found a transporter.
 12246 | Lair:2   | Noticed a catoblepas
 12409 | Lair:2   | Found a transporter.
 12605 | Lair:2   | 12605 ||| INVOKING Berserk.
 12810 | Lair:2   | Noticed Erica
 12813 | Lair:2   | 12813 ||| INVOKING Berserk.
 12823 | Lair:2   | Killed Erica
 13090 | Lair:2   | 13090 ||| DROPPING +6 ring of intelligence.
 13127 | Lair:3   | 13127 ||| PLANNING GAUNTLET
 13129 | Lair:3   | 13129 ||| Stepping ~*~*~tactically~*~*~ (stealth).
 13133 | Lair:3   | 13133 ||| Stepping ~*~*~tactically~*~*~ (stealth).
 13135 | Lair:3   | 13135 ||| STAIRDANCE
 13274 | Lair:3   | 13274 ||| INVOKING Berserk.
 13278 | Lair:3   | 13278 ||| STAIRDANCE
 13320 | Lair:3   | Found a gate leading to a gauntlet.
 13323 | Lair:3   | 13323 ||| Stepping ~*~*~tactically~*~*~ (stealth).
 13325 | Lair:3   | 13325 ||| Stepping ~*~*~tactically~*~*~ (stealth).
 13327 | Lair:3   | 13327 ||| Stepping ~*~*~tactically~*~*~ (stealth).
 13342 | Lair:3   | Reached skill level 15 in Fighting
 13428 | Gauntlet | Entered a Gauntlet
 13428 | Gauntlet | Found a transporter.
 13437 | Gauntlet | Found a transporter.
 13449 | Gauntlet | Found a transporter.
 13453 | Gauntlet | Found a transporter.
 13473 | Gauntlet | Found a transporter.
 13486 | Gauntlet | Found a transporter.
 13499 | Gauntlet | Found a transporter.
 13519 | Gauntlet | Found a transporter.
 13523 | Gauntlet | Found a transporter.
 13533 | Gauntlet | Found a transporter.
 13553 | Gauntlet | Found the +6 Majin-Bo {vamp, MP+6 Int+6}
 13563 | Gauntlet | Found a transporter.
 13563 | Gauntlet | Found a transporter.
 13580 | Gauntlet | Noticed a green death
 13626 | Gauntlet | 13626 ||| INVOKING Brothers in Arms.
 13627 | Gauntlet | 13627 ||| INVOKING Brothers in Arms.
 13628 | Gauntlet | 13628 ||| INVOKING Brothers in Arms.
 13629 | Gauntlet | 13629 ||| INVOKING Brothers in Arms.
 13630 | Gauntlet | 13630 ||| INVOKING Brothers in Arms.
 13631 | Gauntlet | 13631 ||| INVOKING Brothers in Arms.
 13632 | Gauntlet | 13632 ||| INVOKING Berserk.
 13639 | Gauntlet | Lost intelligence.
 13650 | Gauntlet | 13650 ||| DRINKING 6 potions of curing.
 13650 | Gauntlet | 13650 ||| (to cure confusion)
 13655 | Gauntlet | 13655 ||| INVOKING Trog's Hand.
 13682 | Gauntlet | 13682 ||| DRINKING 5 potions of curing.
 13682 | Gauntlet | 13682 ||| (to cure confusion)
 13686 | Gauntlet | HP: 18/108 [raiju/living lightning[an orange crystal
                  | statue] (15)]
 13687 | Gauntlet | Noticed a tengu warrior
 13687 | Gauntlet | 13687 ||| DRINKING potion of heal wounds.
 13693 | Gauntlet | 13693 ||| INVOKING Berserk.
 13695 | Gauntlet | HP: 36/162 [spriggan druid simulacrum[an orange crystal
                  | statue] (9)]
 13696 | Gauntlet | HP: 14/162 [tengu warrior/+0 long sword[an orange crystal
                  | statue] (14)]
 13704 | Gauntlet | Noticed a tengu warrior
 13711 | Gauntlet | 13711 ||| DRINKING 4 potions of curing.
 13711 | Gauntlet | 13711 ||| (to cure confusion)
 13711 | Gauntlet | HP: 15/108 [tengu warrior/+3 war axe[an orange crystal
                  | statue] (6)]
 13713 | Gauntlet | HP: 3/108 [tengu warrior/+3 war axe[an orange crystal
                  | statue] (5)]
 13714 | Gauntlet | Slain by a tengu warrior

Levels and vault maps discovered:
D:1:      lemuel_arrival_lava_pool, layout_basic,
          ebering_ecumenical_altar_sacrificial, minivault_25
D:2:      layout_loops_cross, minmay_tall_x, uniq_jessica, uniq_natasha
D:3:      layout_basic, general_overflow_altar, uniq_terence
D:4:      layout_rooms, minitemple, temple_pool_b, minivault_27,
          guppyfry_early_lair_pool
D:5:      minmay_spotlight, layout_gridville, hangedman_abyss_or_decor_slice
D:6:      layout_loops_corners, gammafunk_ghost_split, serial_shops, shop,
          serial_undead, serial_undead_e, serial_undead_a, serial_undead_f,
          serial_undead_a, uniq_sigmund, uniq_edmund
D:7:      layout_layer_cave, nicolae_hepliaklqana_hazy_memory,
          mainiacjoe_overflow_small_starburst, tso_altar
D:8:      layout_basic
D:9:      layout_loops_ring, lair_entry_dummy, gammafunk_ghost_hydra_chop,
          grunt_ministairs_14, minmay_strange_pillars
Lair:1:   layout_hall_layers, st_stairs_4, nicolae_quartered_pool_impasse,
          infiniplex_staircase_pool_2
Lair:2:   layout_cave_pods, minmay_snake_entry_six_corridors,
          gammafunk_ghost_berserking_beasts, uniq_erica
Lair:3:   layout_layer_cave, swamp_mist_pool, gauntlet_entry_generic
Gauntlet: minmay_gauntlet_mixed_oops_all_seconds
          [minmay_gauntlet_arena_77_block_sizes,
          gammafunk_gauntlet_arena_hedges, minmay_gauntlet_arena_77_braids,
          gammafunk_gauntlet_arena_crates, minmay_gauntlet_arena_77_p_blocks,
          gammafunk_gauntlet_arena_teeth, gauntlet_exit_hidden_loot]

Skill      XL: |  1  2  3  4  5  6  7  8  9 10 11 12 |
---------------+-------------------------------------+-----
Axes           | 4 5 6 7 8 9 10 12 14 | 14.2
Armour         | 3 4 5 7 10 13 | 13.1
Fighting       | 4 5 6 8 11 13 15 | 15.0
Throwing       | 1 |  1.4
Dodging        | 3 4 5 |  5.0

Action                   |  1- 3 |  4- 6 |  7- 9 | 10-12 || total
-------------------------+-------+-------+-------+-------++-------
Melee: Hand axe          |    63 |    97 |   295 |   416 ||   871
       Headbutt          |     7 |    15 |    53 |   111 ||   186
       Punch             |       |       |     2 |    10 ||    12
       Flail             |       |       |       |     5 ||     5
Throw: Boomerang         |       |    39 |    56 |    24 ||   119
Invok: Berserk           |     2 |     1 |    11 |    16 ||    30
       Brothers in Arms  |       |       |       |     2 ||     2
       Trog's Hand       |       |       |       |     1 ||     1
  Use: Scroll            |     5 |     8 |     1 |     6 ||    20
       Potion            |       |     1 |     4 |     6 ||    11
Armor: Animal skin       |     6 |       |       |       ||     6
       Plate armour      |     6 |    54 |   139 |   210 ||   409
Dodge: Dodged            |    39 |    30 |   101 |   129 ||   299

Table legend:
 A = Non-vault XP
 B = Vault XP
 C = Vault XP percentage of total XP
 D = Non-vault monster count
 E = Vault monster count
 F = Vault count percentage of total count
                 A         B        C        D         E       F
            +---------+---------+-------+---------+---------+-------
      Total |   21469 |    5828 |  21.4 |     227 |      41 |  15.3
            +---------+---------+-------+---------+---------+-------
        D:1 |      31 |       1 |   3.1 |      20 |       1 |   4.8
        D:2 |      52 |      98 |  65.3 |      11 |       5 |  31.2
        D:3 |      83 |      36 |  30.3 |      16 |       1 |   5.9
        D:4 |     185 |      40 |  17.8 |      14 |       3 |  17.6
        D:5 |     481 |     106 |  18.1 |      19 |       4 |  17.4
        D:6 |     770 |     814 |  51.4 |      19 |       8 |  29.6
        D:7 |     894 |       0 |   0.0 |      25 |       0 |   0.0
        D:8 |    2438 |       0 |   0.0 |      23 |       0 |   0.0
        D:9 |    1789 |     912 |  33.8 |      28 |       8 |  22.2
     Lair:1 |   11569 |     297 |   2.5 |      33 |       2 |   5.7
     Lair:2 |    2588 |    3524 |  57.7 |      11 |       9 |  45.0
     Lair:3 |     589 |       0 |   0.0 |       8 |       0 |   0.0
            +---------+---------+-------+---------+---------+-------
